 Dungeon Crawl Stone Soup version 0.28.0-53-g5a82cb258f (webtiles) character file.

Game seed: 3241548141153122021

1250 Zeld the Chopper (level 8, -8/74 HPs)
             Began as a Minotaur Berserker on May 23, 2022.
             Was a Priest of Trog.
             Killed from afar by a steam dragon (19 damage)
             ... with a ball of steam
             ... on level 6 of the Dungeon.
             The game lasted 00:04:28 (8149 turns).

Zeld the Chopper (Minotaur Berserker)               Turns: 8149, Time: 00:04:29

Health: -8/74      AC:  2    Str: 25    XL:     8   Next: 26%
Magic:  7/7        EV: 13    Int:  4    God:    Trog [***...]
Gold:   311        SH:  0    Dex:  9    Spells: 7/7 levels left

rFire   . . .      SeeInvis .   a - +0 hand axe
rCold   . . .      Faith    .   (no shield)
rNeg    . . .      Spirit   .   b - +0 animal skin
rPois   .          Reflect  .   (helmet restricted)
rElec   .          Harm     .   (no cloak)
rCorr   .          Rampage  .   (no gloves)
Will    .....                   (no boots)
Stlth   +.........              (no amulet)
HPRegen 0.22/turn               (no ring)
MPRegen 0.10/turn               (no ring)

@: no status effects
A: horns 2, retaliatory headbutt
a: Renounce Religion, Berserk, Trog's Hand


You were on level 6 of the Dungeon.
You worshipped Trog.
Trog was most pleased with you.
You visited 2 branches of the dungeon, and saw 7 of its levels.

You collected 311 gold pieces.

Inventory:

Hand Weapons
 a - a +0 hand axe (weapon)
Armour
 b - a +0 animal skin (worn)
Jewellery
 l - a ring of flight
Wands
 o - a wand of digging (3)
 p - a wand of mindburst (12)
Scrolls
 e - 2 scrolls of fear {unknown}
 f - 2 scrolls of enchant armour {unknown}
 g - 4 scrolls of teleportation {unknown}
 h - 3 scrolls of vulnerability {unknown}
 j - 2 scrolls of identify {unknown}
 n - 2 scrolls of enchant weapon {unknown}
Potions
 c - a potion of heal wounds {unknown}
 d - a potion of ambrosia {unknown}
 i - 2 potions of curing {unknown}
 k - 2 potions of mutation {unknown}
 m - a potion of attraction {unknown}
 q - a potion of resistance {unknown}
 r - a potion of lignification {unknown}


   Skills:
 * Level 7.7 Fighting
 * Level 7.9 Axes
 + Level 5.3 Armour
 + Level 4.9 Dodging


You had 7 spell levels left.
You didn't know any spells.
Your spell library was empty.

Dungeon Overview and Level Annotations

Branches:
Dungeon (6/15)             Temple (1/1) D:5

Altars:
Ashenzari
Cheibriados
Dithmenos
Elyvilon
Fedhas
Gozag
Hepliaklqana
Makhleb
Nemelex Xobeh
Okawaru
Qazlal
Ru
Sif Muna
Trog
Uskayaw
Vehumet
Wu Jian
Xom
Yredelemnul
Zin
The Shining One


Innate Abilities, Weirdness & Mutations

You have a pair of horns on your head.
You reflexively headbutt those who attack you in melee.


Message History

Items here: ( )) ÷.
Items here: )) ÷÷.
Things that are here:
a +0 short sword; 4 stones No target in view!
Things that are here:
a +0 dagger; a kobold skeleton Key pressed, stopping explore.
No target in view!
No target in view!
h - 3 scrolls labelled NELAOCL GESITUMUG (gained 1)
You now have 311 gold pieces (gained 5).
A steam dragon comes into view.
The steam dragon moves out of view.
The steam dragon hisses angrily.
The steam dragon breathes steam at you. The ball of steam hits you!
You hear a shout! x2
You're standing in a cloud of steam!
You're standing in a cloud of steam!
No target in view!
No target in view!
No target in view!
You are engulfed in a cloud of scalding steam.
You are engulfed in a cloud of scalding steam.
You start resting.
A steam dragon is nearby!
The steam dragon bites you! The steam dragon claws you.
You hit the steam dragon but do no damage.
The steam dragon bites you! The steam dragon closely misses you.
You barely miss the steam dragon. The steam dragon closely misses you.
The steam dragon barely misses you.
You hit the steam dragon.
The steam dragon is lightly wounded.
The steam dragon breathes steam at you. The ball of steam hits you!!
* * * LOW HITPOINT WARNING * * *
The steam dragon breathes steam at you. The ball of steam hits you!!
You die...

#.......# #.#
#.......# #.#
#.#
#.....))###.#
#.#
#.....).....#
#.#
#.....))#####
#.# ####.####
#.# #.#
#.########.#
#.##.D§@...#
#.##.#####.#
..#.######..#.#
#.#
..............#
#.#
..#.#######.###
#.# #.# #.# #.#
#.# #.# #.# #.#


You could see a steam dragon (catching breath).

Vanquished Creatures
  Eustachio (Temple)
  Menkaure (D:4)
  Edmund (D:5)
  A sky beast (D:5)
  A kobold brigand (D:6)
  A bullfrog (D:6)
  A scorpion (D:3)
  A water moccasin zombie (D:5)
  A howler monkey (D:5)
  A bullfrog zombie (D:5)
  A jelly (D:5)
  An orc priest (D:4)
  A gnoll shaman (D:3)
  3 iguanas (D:5)
  An orc wizard (D:5)
  A hound skeleton (D:5)
  Robin (D:2)
  9 adders
  4 gnolls
  An ufetubus (D:4)
  4 worms
  4 dart slugs
  8 orcs
  11 ball pythons
  11 endoplasms
  3 giant cockroaches
  17 goblins
  14 hobgoblins
  4 jackals (D:3)
  2 quokkas
  6 bats
  15 kobolds
  5 rats
137 creatures vanquished.

Notes
Turn   | Place    | Note
-------+----------+-------------------------------------------
     0 | D:1      | Zeld the Minotaur Berserker began the quest for the Orb.
     0 | D:1      | Reached XP level 1. HP: 19/19 MP: 0/0
   213 | D:1      | Reached XP level 2. HP: 27/27 MP: 1/1
  1022 | D:2      | Reached XP level 3. HP: 33/33 MP: 2/2
  1435 | D:2      | Reached ** piety under Trog
  1644 | D:2      | Noticed Robin
  1673 | D:2      | Killed Robin
  1674 | D:2      | Reached XP level 4. HP: 33/41 MP: 3/3
  2113 | D:3      | Noticed a scorpion
  2120 | D:3      | Killed a scorpion
  2121 | D:3      | Reached skill level 5 in Fighting
  2121 | D:3      | Reached skill level 5 in Axes
  2121 | D:3      | Reached XP level 5. HP: 19/48 MP: 4/4
  3042 | D:3      | Found a faded altar of an unknown god.
  3121 | D:4      | Noticed Menkaure
  3130 | D:4      | Killed Menkaure
  3131 | D:4      | Reached XP level 6. HP: 34/57 MP: 5/5
  3592 | D:4      | Reached *** piety under Trog
  3636 | D:4      | Identified the +3 whip "Jyhod" {freeze, rPois rF+ rN+ Int-5
                  | Dex+4}
  3703 | D:4      | Lost intelligence.
  5367 | D:5      | Entered Level 5 of the Dungeon
  5367 | D:5      | Noticed Eustachio
  5367 | D:5      | Found a staircase to the Ecumenical Temple.
  5380 | Temple   | Entered the Ecumenical Temple
  5777 | Temple   | Killed Eustachio
  5778 | Temple   | Reached XP level 7. HP: 12/64 MP: 6/6
  6331 | D:5      | Noticed Edmund
  6604 | D:5      | Killed Edmund
  7092 | D:5      | Reached skill level 5 in Armour
  7092 | D:5      | Reached XP level 8. HP: 65/73 MP: 7/7
  8149 | D:6      | Killed from afar by a steam dragon

Illustrated notes

Levels and vault maps discovered:
D:1:      dpeg_arrival_radiant, layout_basic, minivault_25, minmay_fountain_box
D:2:      layout_basic, uniq_robin
D:3:      layout_basic, ebering_ecumenical_altar_webs, minmay_splitting_lines,
          st_stairs_5
D:4:      layout_loops_corners, uniq_menkaure
D:5:      layout_loops_ring, minmay_temple_entry_mini_moons, glass_columns_a,
          uniq_edmund, uniq_eustachio
D:6:      layout_loops_ring
Temple:   roderic_octagonal_lattice_temple

Skill      XL: |  1  2  3  4  5  6  7 |
---------------+----------------------+-----
Axes           | 4 5 6 7 |  7.9
Fighting       | 4 5 6 7 |  7.7
Armour         | 3 4 5 |  5.3
Dodging        | 3 4 |  4.9

Action                   |  1- 3 |  4- 6 |  7- 9 || total
-------------------------+-------+-------+-------++-------
Melee: Hand axe          |    78 |   159 |   109 ||   346
       Headbutt          |    12 |    32 |    13 ||    57
       Punch             |       |     3 |     1 ||     4
       Whip              |       |    13 |       ||    13
Invok: Berserk           |       |       |     1 ||     1
 Stab: Sleeping          |       |     1 |       ||     1
Armor: Animal skin       |    16 |    21 |    12 ||    49
Dodge: Dodged            |    45 |   133 |    58 ||   236
